 Dungeon Crawl Stone Soup version 0.17.0-24-gcfadda4 (console) character file.

81 Kloppie the Ruffian (level 4, -4/41 HPs)
             Began as a Minotaur Monk on Nov 16, 2015.
             Was a Believer of Makhleb.
             Slain by an orc
             ... wielding a +0 falchion
              (5 damage)
             ... while paralysed by Grinder
             ... on level 3 of the Dungeon.
             The game lasted 00:02:33 (1354 turns).

Kloppie the Ruffian (Minotaur Monk)                 Turns: 1354, Time: 00:02:33

Health: -4/41      AC:  2    Str: 15    XL:     4   Next: 19%
Magic:  3/3        EV:  2    Int:  8    God:    Makhleb [**....]
Gold:   48         SH:  0    Dex: 13    Spells: 0 memorised, 3 levels left

rFire  . . .     SeeInvis .       - Unarmed
rCold  . . .     Clarity  .     a - +0 robe
rNeg   . . .     SustAt   .     (no shield)
rPois  .         Gourm    .     (helmet restricted)
rElec  .         Spirit   .     (no cloak)
rCorr  .         Warding  .     (no gloves)
rMut   .         Stasis   .     (no boots)
MR     .....                    (no amulet)
Stlth  ++........               (no ring)
                                (no ring)

@: paralysed, not resistant to hostile enchantments, unstealthy
A: retaliatory headbutt, horns 2
a: Minor Destruction, Renounce Religion


You were on level 3 of the Dungeon.
You worshipped Makhleb.
Makhleb was pleased with you.
You were not hungry.

You visited 1 branch of the dungeon, and saw 3 of its levels.

You collected 48 gold pieces.

Inventory:

Armour
 a - a +0 robe (worn)
 e - a +0 scale mail
Jewellery
 l - a cursed amulet of guardian spirit {unknown}
 p - a +2 ring of intelligence {unknown}
Wands
 g - a wand of digging (11)
Scrolls
 c - 5 scrolls of identify {unknown}
 h - a scroll of recharging {unknown}
 i - 2 scrolls of fog {unknown}
 k - a scroll of random uselessness {unknown}
 o - a scroll of amnesia {unknown}
Potions
 d - a potion of resistance {unknown}
 j - a potion of lignification {unknown}
 m - 3 potions of brilliance {unknown}
 q - a potion of agility {unknown}
Comestibles
 b - 3 bread rations
 f - a meat ration
 n - 2 chunks of flesh


   Skills:
 + Level 4.8 Fighting
 + Level 4.1 Dodging
 - Level 1.5 Stealth
 + Level 4.9 Unarmed Combat


You had 3 spell levels left.
You didn't know any spells.

Dungeon Overview and Level Annotations

Branches:
Dungeon (3/15)

Altars:
Makhleb
Nemelex Xobeh

Annotations:
D:3 Grinder


Innate Abilities, Weirdness & Mutations

You reflexively headbutt those who attack you in melee.
You have a pair of horns on your head.


Message History

Found a ring mail.
Grinder comes into view.
Grinder shouts!
The orc shouts!
The orc closely misses you. Grinder gestures at you.
You suddenly lose the ability to move!
The orc hits you with a whip! The orc barely misses you.
A giant newt comes into view.
The orc hits you with a whip. The orc hits you with a falchion.
The orc hits you with a whip.
* * * LOW HITPOINT WARNING * * *
The orc hits you with a falchion!
* * * LOW HITPOINT WARNING * * *
The orc hits you with a whip.
* * * LOW HITPOINT WARNING * * *
The orc hits you with a falchion.
* * * LOW HITPOINT WARNING * * *
The orc hits you but does no damage. The orc hits you with a falchion.
You die...

...... ######......
#...[..l....
#..........
#.......#.#
####.......#.###
......5o......?
#..o@...#.###########
#####.......#........
#.......#........
#.......#........
#.......#........
#####........##...###
........[.....##...#
........[.....##...#
...............#...#


You could see Grinder, 2 orcs and a giant newt.

Vanquished Creatures
  Ijyb (D:2)
  2 adders
  A worm (D:2)
  A giant gecko (D:2)
  5 hobgoblins
  4 jackals (D:1)
  5 bats
  2 goblins
  7 kobolds
  A quokka (D:3)
  4 rats
33 creatures vanquished.

Notes
Turn   | Place    | Note
--------------------------------------------------------------
     0 | D:1      | Kloppie the Minotaur Monk began the quest for the Orb.
     0 | D:1      | Reached XP level 1. HP: 19/19 MP: 0/0
    67 | D:1      | Reached XP level 2. HP: 14/27 MP: 1/1
   694 | D:2      | Found a sparkling altar of Nemelex Xobeh.
   710 | D:2      | Reached XP level 3. HP: 22/33 MP: 2/2
  1153 | D:2      | Noticed Ijyb
  1164 | D:2      | Killed Ijyb
  1164 | D:2      | Reached XP level 4. HP: 24/41 MP: 3/3
  1236 | D:2      | Found a burning altar of Makhleb.
  1239 | D:2      | Noticed a blizzard demon
  1243 | D:2      | Noticed a neqoxec
  1243 | D:2      | Noticed a smoke demon
  1245 | D:2      | Became a worshipper of Makhleb the Destroyer
  1245 | D:2      | Reached * piety under Makhleb
  1245 | D:2      | Reached ** piety under Makhleb
  1348 | D:3      | Noticed Grinder
  1348 | D:3      | Paralysed by Grinder for 7 turns
  1352 | D:3      | HP: 1/41 [orc/falchion (4)]
  1354 | D:3      | Slain by an orc

Action                   |  1- 3 |  4- 6 || total
-------------------------+-------+-------++-------
Melee: Unarmed           |    77 |     4 ||    81
 Stab: Sleeping          |     1 |       ||     1
  Eat: Chunk             |     1 |       ||     1
